| TOP OF THE 1ST |
|
Hudson Valley Renegades batting - Pitching for Staten Island Yankees : RHP Jake Bryant
|
|
Pitching: RHP Jake Bryant
|
|
|
Batting: LHB Jonathan Spino
|
0-0: Ball 1-0: Ball 2-0: Foul Ball, location: 2F 2-1: Ball 3-1: Base on Balls
|
|
Batting: LHB Dan Hunt
|
0-0: Swinging Strike 0-1: Ball 1-1: Foul Ball, location: 2F 1-2: Foul Ball, location: 2F 1-2: Strikes out looking Jonathan Spino steals 2nd, throwing error, E2 Jonathan Spino to third
|
|
Batting: LHB Rocky Crowley
|
0-0: Ball 1-0: Ball 2-0: Ball 3-0: SINGLE (Groundball, 4MD, EV 102.5 MPH) Jonathan Spino scores
|
|
Batting: LHB Helmut Steggall
|
0-0: Ball 1-0: Called Strike 1-1: Ball 2-1: 2-RUN HOME RUN (Flyball, 7D, EV 97.5 MPH), Distance : 377 ft
|
|
Batting: RHB Alex Koral
|
0-0: Foul Ball, location: 2F 0-1: Foul Ball, location: 2F 0-2: Ball 1-2: Strikes out swinging
|
|
Batting: SHB Joshua Jackson
|
0-0: Swinging Strike 0-1: Foul Ball, location: 2F 0-2: Strikes out swinging
|
| Top of the 1st over - 3 runs, 2 hits, 1 error, 0 left on base; Hudson Valley 3 - Staten Island 0 |
| BOTTOM OF THE 1ST |
|
Staten Island Yankees batting - Pitching for Hudson Valley Renegades : RHP Scott Edens
|
|
Pitching: RHP Scott Edens
|
|
|
Batting: LHB Dario Segura
|
0-0: Foul Ball, location: 2F 0-1: Foul Ball, location: 2F 0-2: Foul Ball, location: 2F 0-2: DOUBLE (Line Drive, 5D, EV 105.0 MPH)
|
|
Batting: RHB Matt Thompson
|
0-0: Ball 1-0: Ball 2-0: Ground out 6-3 (Groundball, 6, EV 84.4 MPH) Dario Segura to third
|
|
Batting: RHB Pat Pemberton
|
0-0: 2-RUN HOME RUN (Flyball, 7LD, EV 93.1 MPH), Distance : 347 ft
|
|
Batting: SHB Tadaaki Kondo
|
0-0: Ball 1-0: Foul Ball, location: 2F 1-1: Fly out, F8 (Flyball, 78M, EV 90.0 MPH)
|
|
Batting: LHB Mike Schermerhorn
|
0-0: Swinging Strike 0-1: Fly out, F8 (Flyball, 8RXD, EV 95.0 MPH)
|
| Bottom of the 1st over - 2 runs, 2 hits, 0 errors, 0 left on base; Hudson Valley 3 - Staten Island 2 |
| TOP OF THE 2ND |
|
Hudson Valley Renegades batting - Pitching for Staten Island Yankees : RHP Jake Bryant
|
|
Batting: RHB Mark Richert
|
0-0: Ground out 4-3 (Groundball, 4, EV 91.2 MPH)
|
|
Batting: SHB Chris Lockart
|
0-0: Ball 1-0: Ball 2-0: Swinging Strike 2-1: Foul Ball, location: 2F 2-2: Strikes out swinging
|
|
Batting: LHB Alex Genao
|
0-0: Called Strike 0-1: Ground out 4-3 (Groundball, 4, EV 94.4 MPH)
|
| Top of the 2nd over - 0 runs, 0 hits, 0 errors, 0 left on base; Hudson Valley 3 - Staten Island 2 |
| BOTTOM OF THE 2ND |
|
Staten Island Yankees batting - Pitching for Hudson Valley Renegades : RHP Scott Edens
|
|
Batting: RHB Jesus Ruiz
|
0-0: Ball 1-0: Ball 2-0: Called Strike 2-1: Foul Ball, location: 2F 2-2: Ball 3-2: Ground out 6-3 (Groundball, 6S, EV 85.0 MPH)
|
|
Batting: RHB Daniel Underhay
|
0-0: Foul Ball, location: 2F 0-1: Ball 1-1: Foul Ball, location: 2F 1-2: Ball 2-2: Ball 3-2: Foul Ball, location: 2F 3-2: Strikes out swinging
|
|
Batting: RHB Danny Ayala
|
0-0: Ball 1-0: Foul Ball, location: 2F 1-1: Foul Ball, location: 2F 1-2: Ball 2-2: Ball 3-2: DOUBLE (Flyball, 78XD, EV 104.4 MPH)
|
|
Batting: LHB Danny de Leon
|
0-0: Called Strike 0-1: Called Strike 0-2: Ball 1-2: Hit by Pitch
|
|
Batting: LHB Dario Segura
|
0-0: Called Strike 0-1: Ball 1-1: Ball 2-1: Ball 3-1: Called Strike 3-2: Foul Ball, location: 2F 3-2: Fly out, F7 (Flyball, 7D, EV 86.2 MPH)
|
| Bottom of the 2nd over - 0 runs, 1 hit, 0 errors, 2 left on base; Hudson Valley 3 - Staten Island 2 |
| TOP OF THE 3RD |
|
Hudson Valley Renegades batting - Pitching for Staten Island Yankees : RHP Jake Bryant
|
|
Batting: LHB Jonathan Spino
|
0-0: Ball 1-0: Ball 2-0: Ball 3-0: Called Strike 3-1: Base on Balls
|
|
Batting: LHB Dan Hunt
|
0-0: Called Strike Jonathan Spino steals 2nd base (no throw) 0-1: Foul Ball, location: 2F 0-2: Ball 1-2: Strikes out swinging
|
|
Batting: LHB Rocky Crowley
|
0-0: Called Strike 0-1: Ball 1-1: Hit by Pitch
|
|
Batting: LHB Helmut Steggall
|
0-0: Fielders Choice at 2nd, 4-6 (Groundball, 4S, EV 90.0 MPH) Jonathan Spino to third
|
|
Batting: RHB Alex Koral
|
0-0: Called Strike 0-1: Foul Ball, location: 2F 0-2: Foul Ball, location: 2F 0-2: Foul Ball, location: 2F 0-2: Ball 1-2: Ball 2-2: Ground out U3 (Groundball, 3, EV 108.8 MPH)
|
| Top of the 3rd over - 0 runs, 0 hits, 0 errors, 2 left on base; Hudson Valley 3 - Staten Island 2 |
| BOTTOM OF THE 3RD |
|
Staten Island Yankees batting - Pitching for Hudson Valley Renegades : RHP Scott Edens
|
|
Batting: RHB Matt Thompson
|
0-0: Called Strike 0-1: Ball 1-1: Ball 2-1: Called Strike 2-2: Strikes out looking
|
|
Batting: RHB Pat Pemberton
|
0-0: Called Strike 0-1: Ball 1-1: Ball 2-1: SINGLE (Line Drive, 34D, EV 97.5 MPH)
|
|
Batting: SHB Tadaaki Kondo
|
0-0: Ball 1-0: Foul Ball, location: 2F 1-1: Called Strike 1-2: Ball 2-2: Strikes out swinging
|
|
Batting: LHB Mike Schermerhorn
|
0-0: Ball 1-0: Ball 2-0: Ball 3-0: Called Strike 3-1: Ground out 4-3 (Groundball, 34S, EV 86.9 MPH)
|
| Bottom of the 3rd over - 0 runs, 1 hit, 0 errors, 1 left on base; Hudson Valley 3 - Staten Island 2 |
| TOP OF THE 4TH |
|
Hudson Valley Renegades batting - Pitching for Staten Island Yankees : RHP Jake Bryant
|
|
Batting: SHB Joshua Jackson
|
0-0: Called Strike 0-1: Foul Ball, location: 2F 0-2: Ball 1-2: Ball 2-2: TRIPLE (Flyball, 9LD, EV 106.2 MPH)
|
|
Batting: RHB Mark Richert
|
0-0: Ball 1-0: Ball 2-0: Called Strike 2-1: Ball 3-1: Swinging Strike 3-2: Base on Balls
|
|
Batting: SHB Chris Lockart
|
0-0: Ball 1-0: Ball 2-0: Fielders Choice at 2nd, 4-6 (Groundball, 34, EV 85.6 MPH) Joshua Jackson scores
|
|
Batting: LHB Alex Genao
|
0-0: Ball Chris Lockart steals 2nd base 1-0: Foul Ball, location: 2F 1-1: Foul Ball, location: 2F 1-2: Strikes out swinging
|
|
Batting: LHB Jonathan Spino
|
0-0: Called Strike 0-1: Swinging Strike 0-2: SINGLE (Groundball, 6MD, EV 97.5 MPH) Chris Lockart to third Runner from 3rd tries for Home, SAFE, throw by CF to home
|
|
Pitching: LHP Colin Scott
|
|
|
Batting: LHB Dan Hunt
|
0-0: Called Strike Jonathan Spino steals 2nd base 0-1: Hit by Pitch
|
|
Batting: LHB Rocky Crowley
|
0-0: Called Strike 0-1: Called Strike 0-2: Fly out, F6 (Popup, 6D, EV 68.1 MPH)
|
| Top of the 4th over - 2 runs, 2 hits, 0 errors, 2 left on base; Hudson Valley 5 - Staten Island 2 |
| BOTTOM OF THE 4TH |
|
Staten Island Yankees batting - Pitching for Hudson Valley Renegades : RHP Scott Edens
|
|
Batting: RHB Jesus Ruiz
|
0-0: Called Strike 0-1: Foul Ball, location: 2F 0-2: Ball 1-2: SINGLE (Groundball, 56, EV 93.8 MPH)
|
|
Batting: RHB Daniel Underhay
|
0-0: Called Strike 0-1: Foul Ball, location: 2F 0-2: Foul Ball, location: 2F 0-2: Ball 1-2: Ball 2-2: Foul Ball, location: 2F 2-2: Fielders Choice at 2nd, 5-4 (Groundball, 5L, EV 80.6 MPH)
|
|
Batting: RHB Danny Ayala
|
0-0: Ball 1-0: Swinging Strike 1-1: Foul Ball, location: 2F 1-2: Strikes out swinging
|
|
Batting: LHB Danny de Leon
|
0-0: Called Strike 0-1: DOUBLE (Flyball, 8LD, EV 85.0 MPH) Daniel Underhay to third Runner from 3rd tries for Home, SAFE, throw by CF to home
|
|
Batting: LHB Dario Segura
|
0-0: Called Strike 0-1: Ground out 4-3 (Groundball, 4, EV 93.1 MPH)
|
| Bottom of the 4th over - 1 run, 2 hits, 0 errors, 1 left on base; Hudson Valley 5 - Staten Island 3 |
| TOP OF THE 5TH |
|
Hudson Valley Renegades batting - Pitching for Staten Island Yankees : LHP Colin Scott
|
|
Batting: LHB Helmut Steggall
|
0-0: Called Strike 0-1: Swinging Strike 0-2: Strikes out swinging
|
|
Batting: RHB Alex Koral
|
0-0: Called Strike 0-1: Ball 1-1: DOUBLE (Line Drive, 7LS, EV 97.5 MPH)
|
|
Batting: SHB Joshua Jackson
|
0-0: Called Strike 0-1: Ball 1-1: Called Strike 1-2: Ball 2-2: 2-RUN HOME RUN (Line Drive, 7D, EV 102.5 MPH), Distance : 398 ft
|
|
Batting: RHB Mark Richert
|
0-0: Ball 1-0: Swinging Strike 1-1: Ball 2-1: Ball 3-1: SINGLE (Groundball, 34D, EV 111.2 MPH)
|
|
Pitching: RHP Nick Peters
|
|
|
Batting: SHB Chris Lockart
|
0-0: Ball Wild Pitch! Mark Richert to second 1-0: Ball 2-0: Called Strike 2-1: Ball 3-1: DOUBLE (Line Drive, 7LM, EV 111.9 MPH) Mark Richert scores
|
|
Batting: LHB Alex Genao
|
0-0: Ball 1-0: Ball 2-0: Called Strike 2-1: Ball 3-1: Base on Balls
|
|
Batting: LHB Jonathan Spino
|
0-0: Ball 1-0: Ball Chris Lockart steals 3rd base Alex Genao to second 2-0: Ball 3-0: Swinging Strike 3-1: Foul Ball, location: 2F 3-2: Base on Balls
|
|
Batting: LHB Dan Hunt
|
0-0: Foul Ball, location: 2F 0-1: Fielders Choice at 2nd, 6-4 (Groundball, 6S, EV 85.0 MPH) Chris Lockart scores Alex Genao to third
|
|
Pitching: RHP Nate LaCava
|
|
|
Batting: LHB Rocky Crowley
|
0-0: Ball 1-0: Ball 2-0: Foul Ball, location: 2F 2-1: Ball 3-1: Called Strike 3-2: Ground out 4-3 (Groundball, 4, EV 83.8 MPH)
|
| Top of the 5th over - 4 runs, 4 hits, 0 errors, 2 left on base; Hudson Valley 9 - Staten Island 3 |
| BOTTOM OF THE 5TH |
|
Staten Island Yankees batting - Pitching for Hudson Valley Renegades : RHP Scott Edens
|
|
Batting: RHB Matt Thompson
|
0-0: SINGLE (Line Drive, 7S, EV 102.5 MPH)
|
|
Batting: RHB Pat Pemberton
|
0-0: Called Strike 0-1: Called Strike 0-2: Ball 1-2: Ball 2-2: Foul Ball, location: 2F 2-2: Ball 3-2: Strikes out swinging
|
|
Batting: SHB Tadaaki Kondo
|
0-0: Ball 1-0: Fly out, F8 (Flyball, 8LD, EV 98.8 MPH)
|
|
Batting: LHB Mike Schermerhorn
|
0-0: Ball 1-0: Foul Ball, location: 2F 1-1: Ball 2-1: Swinging Strike 2-2: Strikes out looking
|
| Bottom of the 5th over - 0 runs, 1 hit, 0 errors, 1 left on base; Hudson Valley 9 - Staten Island 3 |
| TOP OF THE 6TH |
|
Hudson Valley Renegades batting - Pitching for Staten Island Yankees : RHP Nate LaCava
|
|
Batting: LHB Helmut Steggall
|
0-0: Ball 1-0: Ball 2-0: Ball 3-0: Base on Balls
|
|
Batting: RHB Alex Koral
|
0-0: Ball 1-0: Ball 2-0: Ball 3-0: Called Strike 3-1: Called Strike Helmut Steggall steals 2nd, throwing error, E2 Helmut Steggall to third 3-2: Foul Ball, location: 2F 3-2: Fly out, F3 (Popup, 34, EV 57.5 MPH)
|
|
Batting: SHB Joshua Jackson
|
0-0: Ball 1-0: Foul Ball, location: 2F 1-1: Swinging Strike 1-2: Strikes out swinging
|
|
Batting: RHB Mark Richert
|
0-0: Ball 1-0: Called Strike 1-1: Ground out 5-3 (Groundball, 25, EV 83.8 MPH)
|
| Top of the 6th over - 0 runs, 0 hits, 1 error, 1 left on base; Hudson Valley 9 - Staten Island 3 |
| BOTTOM OF THE 6TH |
|
Staten Island Yankees batting - Pitching for Hudson Valley Renegades : RHP Scott Edens
|
|
Batting: RHB Jesus Ruiz
|
0-0: Ball 1-0: Reached on error, E3 (Groundball, 3S, EV 72.5 MPH)
|
|
Pitching: RHP Takenori Iwata
|
|
|
Batting: RHB Daniel Underhay
|
0-0: Ball 1-0: Fly out, F9 (Flyball, 89D, EV 105.6 MPH)
|
|
Batting: RHB Danny Ayala
|
0-0: Fly out, F5 (Popup, 5F, EV 81.2 MPH)
|
|
Batting: LHB Danny de Leon
|
0-0: Called Strike 0-1: Ground out 4-3 (Groundball, 34, EV 86.2 MPH)
|
| Bottom of the 6th over - 0 runs, 0 hits, 1 error, 1 left on base; Hudson Valley 9 - Staten Island 3 |
| TOP OF THE 7TH |
|
Hudson Valley Renegades batting - Pitching for Staten Island Yankees : RHP Nate LaCava
|
|
Batting: SHB Chris Lockart
|
0-0: Ball 1-0: SINGLE (Line Drive, 5D, EV 98.8 MPH)
|
|
Batting: LHB Alex Genao
|
0-0: Called Strike Chris Lockart steals 2nd base 0-1: 2-RUN HOME RUN (Flyball, 9LD, EV 93.1 MPH), Distance : 338 ft
|
|
Batting: RHB Evan Chalarian
|
0-0: Foul Ball, location: 2F 0-1: Ground out 5-3 (Groundball, 5S, EV 69.4 MPH)
|
|
Batting: LHB Dan Hunt
|
0-0: Ball 1-0: Foul Ball, location: 2F 1-1: Ball 2-1: Fly out, F6 (Popup, 6, EV 48.8 MPH)
|
|
Batting: LHB Rocky Crowley
|
0-0: Fly out, F9 (Flyball, 9D, EV 103.1 MPH)
|
| Top of the 7th over - 2 runs, 2 hits, 0 errors, 0 left on base; Hudson Valley 11 - Staten Island 3 |
| BOTTOM OF THE 7TH |
|
Staten Island Yankees batting - Pitching for Hudson Valley Renegades : RHP Takenori Iwata
|
|
Batting: LHB Dario Segura
|
0-0: Swinging Strike 0-1: Ball 1-1: Ball 2-1: Called Strike 2-2: Foul Ball, location: 2F 2-2: Ball 3-2: Base on Balls
|
|
Batting: RHB Matt Thompson
|
0-0: Ball 1-0: Foul Ball, location: 2F 1-1: Foul Ball, location: 2F 1-2: Strikes out swinging
|
|
Batting: RHB Pat Pemberton
|
0-0: Called Strike 0-1: Ball 1-1: Foul Ball, location: 2F 1-2: 2-RUN HOME RUN (Flyball, 7D, EV 98.8 MPH), Distance : 385 ft
|
|
Batting: SHB Tadaaki Kondo
|
0-0: Ball 1-0: Ground out 4-3 (Groundball, 4, EV 99.4 MPH)
|
|
Batting: LHB Mike Schermerhorn
|
0-0: Swinging Strike 0-1: SINGLE (Groundball, 6MD, EV 105.6 MPH)
|
|
Batting: RHB Jesus Ruiz
|
0-0: Foul Ball, location: 2F 0-1: Ball 1-1: Ball 2-1: Ground out 4-3 (Groundball, 4, EV 86.2 MPH)
|
| Bottom of the 7th over - 2 runs, 2 hits, 0 errors, 1 left on base; Hudson Valley 11 - Staten Island 5 |
| TOP OF THE 8TH |
|
Hudson Valley Renegades batting - Pitching for Staten Island Yankees : RHP Nate LaCava
|
|
Batting: LHB Helmut Steggall
|
0-0: Called Strike 0-1: Ball 1-1: Ball 2-1: Swinging Strike 2-2: Strikes out swinging
|
|
Batting: RHB Alex Koral
|
0-0: Ball 1-0: Ball 2-0: Called Strike 2-1: Ball 3-1: Base on Balls
|
|
Batting: SHB Joshua Jackson
|
0-0: Called Strike 0-1: Ball Alex Koral steals 2nd base 1-1: Foul Ball, location: 2F 1-2: Ball 2-2: Ground out 4-3 (Groundball, 4MD, EV 90.0 MPH) Alex Koral to third
|
|
Batting: RHB Mark Richert
|
0-0: Ball 1-0: Ball 2-0: Called Strike 2-1: Foul Ball, location: 2F 2-2: Foul Ball, location: 2F 2-2: Foul Ball, location: 2F 2-2: Ball 3-2: Base on Balls
|
|
Batting: SHB Chris Lockart
|
0-0: SINGLE (Line Drive, 78S, EV 108.1 MPH) Alex Koral scores Mark Richert to second Runner from 2nd tries for 3rd, SAFE, throw by LF made to third
|
|
Batting: LHB Alex Genao
|
0-0: Swinging Strike 0-1: Called Strike 0-2: Ball 1-2: Ball 2-2: Ball 3-2: SINGLE (Groundball, 34D, EV 107.5 MPH) Mark Richert scores Chris Lockart to second Chris Lockart to third
|
|
Pitching: RHP Francisco Rosado
|
|
|
Batting: RHB Devin Brown
|
0-0: Foul Ball, location: 2F 0-1: Ball 1-1: Ground out 4-3 (Groundball, 4, EV 86.9 MPH)
|
| Top of the 8th over - 2 runs, 2 hits, 0 errors, 2 left on base; Hudson Valley 13 - Staten Island 5 |
| BOTTOM OF THE 8TH |
|
Staten Island Yankees batting - Pitching for Hudson Valley Renegades : RHP Takenori Iwata
|
|
Pitching: RHP Jesus Elizondo
|
|
|
Batting: RHB Daniel Underhay
|
0-0: Called Strike 0-1: Ball 1-1: Swinging Strike 1-2: Hit by Pitch
|
|
Batting: RHB Danny Ayala
|
0-0: Called Strike 0-1: DOUBLE (Line Drive, 89D, EV 110.0 MPH) Daniel Underhay to third
|
|
Batting: LHB Danny de Leon
|
0-0: Called Strike 0-1: Ball 1-1: Ground out 5-3 (Groundball, 56S, EV 83.8 MPH) Daniel Underhay scores
|
|
Batting: LHB Dario Segura
|
0-0: Ball 1-0: Ground out 4-3 (Groundball, 4, EV 82.5 MPH) Danny Ayala to third
|
|
Batting: RHB Matt Thompson
|
0-0: Fly out, F8 (Flyball, 8RD, EV 109.4 MPH)
|
| Bottom of the 8th over - 1 run, 1 hit, 0 errors, 1 left on base; Hudson Valley 13 - Staten Island 6 |
| TOP OF THE 9TH |
|
Hudson Valley Renegades batting - Pitching for Staten Island Yankees : RHP Francisco Rosado
|
|
Batting: LHB Dan Hunt
|
0-0: Ground out 4-3 (Groundball, 4, EV 111.2 MPH)
|
|
Batting: LHB Rocky Crowley
|
0-0: Called Strike 0-1: Fly out, F9 (Flyball, 89M, EV 75.6 MPH)
|
|
Pinch Hitting: RHB Greg Grayson
|
0-0: Hit by Pitch
|
|
Batting: RHB Alex Koral
|
0-0: Called Strike 0-1: Ball 1-1: Called Strike 1-2: Strikes out swinging
|
| Top of the 9th over - 0 runs, 0 hits, 0 errors, 1 left on base; Hudson Valley 13 - Staten Island 6 |
| BOTTOM OF THE 9TH |
|
Staten Island Yankees batting - Pitching for Hudson Valley Renegades : RHP Jesus Elizondo
|
|
Now at C: Greg Grayson
|
|
|
Batting: RHB Pat Pemberton
|
0-0: Foul Ball, location: 2F 0-1: Ball 1-1: Fly out, F4 (Line Drive, 4, EV 63.1 MPH)
|
|
Batting: SHB Tadaaki Kondo
|
0-0: Called Strike 0-1: Ball 1-1: Foul Ball, location: 2F 1-2: Ball 2-2: Strikes out swinging
|
|
Pitching: RHP Virgil Laverick
|
|
|
Batting: LHB Mike Schermerhorn
|
0-0: Ground out 4-3 (Groundball, 34, EV 108.1 MPH)
|
| Bottom of the 9th over - 0 runs, 0 hits, 0 errors, 0 left on base; Hudson Valley 13 - Staten Island 6 |
|